 Dungeon Crawl Stone Soup version bcrawl-1.39.1 (webtiles) character file.

Game seed: 9268136031436482173

14245652 Grijm the Middleweight Champion (level 27, 246/246 HPs)
             Began as a Grey Draconian Martial Artist on Sept 25, 2023.
             Was the Champion of Wu Jian.
             Escaped with the Orb
             ... and 3 runes on Sept 26, 2023!
             The game lasted 04:08:30 (68972 turns).

Grijm the Middleweight Champion (DrMA)             Turns: 68972, Time: 04:08:31

Health: 246/246    AC: 23    Str: 25    XL:     27
Magic:  37/37      EV: 19    Int: 13    God:    Wu Jian [******]
Gold:   4539       SH: 38    Dex: 15    Spells: 27/28 levels left

rFire    + . .     GDR:     27%   - Fists (elec) (56.6)
rCold    + . .     SeeInvis .   z - +18 shield of the Gong {rElec rN+ MR+ EV-5, pickup}
rNeg     + + .     Gourm    .   (armour unavailable)
rPois    .         Faith    .   W - +2 hat of the Albatross {Int+4}
rElec    +         Spirit   .   F - +2 ratskin cloak {+Rats rN+}
rCorr    .         Reflect  +   N - +0 pair of hand wraps "Fists of Thunder" {elec, rElec Slay+2}
MR       +++..                  V - +2 pair of boots {Stlth++}
Stlth    ++........             T - +5 amulet of reflection
HPRegen  0.51/turn              Z - ring of Fofes {rF+ AC-4}
MPRegen  0.25/turn              Q - ring of protection from cold

@: no status effects
A: walk through water, unfitting armour, deterioration 1, dopey 1, unbreathing,
cold-blooded, AC +18
0: Orb of Zot
}: 3/15 runes: barnacled, silver, gossamer
a: Wall Jump, Serpent's Lash, Heavenly Storm, Renounce Religion, Evoke Ratskin


You escaped.
You worshipped Wu Jian.
Wu Jian was exalted by your worship.
You were very full.

You visited 10 branches of the dungeon, and saw 43 of its levels.
You also visited: Gauntlet, Ice Cave and Wizlab.

You collected 7532 gold pieces.
You spent 2993 gold pieces at shops.

Inventory:

Hand Weapons
 s - a +9 blowgun
Missiles
 w - 1625 javelins (quivered)
 C - 68 curare-tipped needles
 G - 33 steel javelins
 S - 7 throwing nets {=f}
 U - 145 needles of frenzy {=f}
Armour
 z - the +18 shield of the Gong (worn) {rElec rN+ MR+ EV-5, pickup}
   (You found it in a wizard's laboratory)

   It affects your evasion (-5).
   It insulates you from electricity.
   It protects you from negative energy.
   It affects your resistance to hostile enchantments.
 F - the +2 ratskin cloak (worn) {+Rats rN+}
   (You found it on level 6 of the Dungeon)

   It protects you from negative energy.
 N - the +0 pair of hand wraps "Fists of Thunder" (worn) {elec, rElec Slay+2}
   (You bought it in a shop on level 2 of the Vaults)

   It affects your accuracy and damage with ranged weapons and melee attacks
   (+2).
   It insulates you from electricity.
 V - a +2 pair of boots of stealth (worn)
 W - the +2 hat of the Albatross (worn) {Int+4}
   (You found it in a Gauntlet)

   It affects your intelligence (+4).
Jewellery
 K - an uncursed ring of protection from magic
 L - the ring "Icsu" {rPois rN+ Int+2}
   (You found it on level 2 of the Crypt)

   [ring of positive energy]

   It affects your intelligence (+2).
   It protects you from poison.
   It protects you from negative energy.
 Q - a ring of protection from cold (right hand)
 T - a +5 amulet of reflection (around neck)
 Z - the ring of Fofes (left hand) {rF+ AC-4}
   (You found it on level 3 of the Shoals)

   [ring of protection]

   It affects your AC (-4).
   It protects you from fire.
Wands
 d - a wand of charming (5)
 t - a wand of scattershot (14) {pickup}
 A - a wand of digging (19)
 B - a wand of paralysis (6)
 H - a wand of acid (19)
 I - a wand of iceblast (63)
Scrolls
 b - 15 scrolls of fear
 c - 7 scrolls of noise
 f - 13 scrolls of blinking
 g - 27 scrolls of teleportation
 o - 4 scrolls of fog
 v - 2 scrolls of vulnerability
 y - 13 scrolls of immolation
 O - a scroll of summoning
 X - a scroll of silence
Potions
 a - 4 potions of agility
 h - 4 potions of cancellation
 i - a potion of invisibility
 j - 4 potions of ambrosia
 k - 3 potions of heal wounds
 l - 11 potions of mutation
 m - 20 potions of curing
 q - 4 potions of berserk rage
 u - 3 potions of might
 x - 4 potions of haste
 D - 2 potions of magic
 E - 7 potions of lignification
 J - 4 potions of resistance
Miscellaneous
 n - 2 boxes of beasts
 p - a lamp of fire
 M - a fan of gales (2/2)
 P - 2 phantom mirrors
 R - a sack of spiders
 Y - a phial of floods
Comestibles
 e - 23 rations {!d}


   Skills:
 - Level 20.0 Fighting
 - Level 20.0 Throwing
 - Level 20.0 Dodging
 - Level 1.0 Stealth
 - Level 16.0 Shields
 O Level 27 Unarmed Combat
 - Level 1.0 Spellcasting
 - Level 0.8 Hexes
 + Level 21.7 Evocations


You had 27 spell levels left.
You knew the following spells:

 Your Spells              Type           Power        Failure   Level  Hunger
a - Confusing Touch       Hex            #.......     58%         1    None

Your spell library contained the following spells:

 Spells                   Type           Power        Failure   Level  Hunger
 Throw Frost              Conj/Ice       #.....       50%         2    ###....
 Corona                   Hex            #......      58%         1    None
 Slow                     Hex            #.......     58%         1    None
 Apportation              Tloc           #.....       71%         1    None
 Beastly Appendage        Tmut           #.....       71%         1    None
 Blink Other              Tloc           #.....       71%         1    None
 Flame Tongue             Conj/Fire      #....        71%         1    None
 Freeze                   Ice            #.....       71%         1    None
 Infusion                 Chrm           #.......     71%         1    None
 Sandblast                Erth           #.....       71%         1    None
 Static Discharge         Air            #.....       71%         1    None
 Summon Butterflies       Summ           #.......     71%         1    None
 Shackle                  Hex            #.......     73%         2    ###....
 Ensorcelled Hibernation  Hex/Ice        #.....       78%         2    ###....
 Blink                    Tloc           N/A          83%         2    ###....
 Corpse Rot               Necr           N/A          83%         2    ###....
 Flaming Arrows           Chrm/Fire      #.......     83%         2    ###....
 Passwall                 Tmut/Erth      #.......     83%         2    ###....
 Shock                    Conj/Air       #......      83%         2    ###....
 Song of Slaying          Chrm           #.......     83%         2    ###....
 Sticks to Snakes         Tmut           #.......     83%         2    ###....
 Sublimation of Blood     Necr           #.........   83%         2    ###....
 Swiftness                Chrm/Air       #.......     83%         2    ###....
 Confuse                  Hex            #.......     91%         3    #####..
 Tukima's Dance           Hex            #.......     91%         3    #####..
 Dazzling Orbs            Conj/Hex       #......      95%         3    #####..
 False Image              Hex/Summ       #.......     95%         3    #####..
 Inner Flame              Hex/Fire       N/A          95%         3    #####..
 Spectral Weapon          Hex/Chrm       #.......     95%         3    #####..
 Beckoning                Tloc           #.........   97%         3    #####..
 Call Canine Familiar     Summ           #.......     97%         3    #####..
 Conjure Flame            Conj/Fire      #.......     97%         3    #####..
 Ignite Poison            Fire/Tmut/Pois #.......     97%         3    #####..
 Mephitic Cloud           Conj/Pois/Air  #.......     97%         3    #####..
 Ozocubu's Armour         Chrm/Ice       #.......     97%         3    #####..
 Portal Projectile        Tloc           #.....       97%         3    #####..
 Recall                   Summ/Tloc      N/A          97%         3    #####..
 Regeneration             Chrm/Necr      #.........   97%         3    #####..
 Spider Form              Tmut/Pois      #..          97%         3    #####..
 Stone Arrow              Conj/Erth      #.....       97%         3    #####..
 Teleport Other           Tloc           #.......     97%         3    #####..
 Agony                    Necr           #.......     100%        4    ######.
 Airstrike                Air            #.........   100%        4    ######.
 Cause Fear               Hex            #.........   100%        4    ######.
 Fulminant Prism          Conj/Hex       #.........   100%        4    ######.
 Ice Form                 Ice/Tmut       #.......     100%        4    ######.
 Lightning Bolt           Conj/Air       #.......     100%        4    ######.
 Petrify                  Tmut/Erth      #.........   100%        4    ######.
 Sticky Flame             Conj/Fire      #.......     100%        4    ######.
 Summon Ice Beast         Ice/Summ       #.......     100%        4    ######.
 Throw Icicle             Conj/Ice       #.......     100%        4    ######.
 Tree Form                Hex/Tmut       N/A          100%        4    ######.
 Yara's Violent Unravell  Hex/Tmut       #.........   100%        4    ######.
 Blade Hands              Tmut           #.........   100%        5    #######
 Bolt of Draining         Conj/Necr      #.........   100%        5    #######
 Bolt of Magma            Conj/Fire/Erth #.........   100%        5    #######
 Fireball                 Conj/Fire      #.........   100%        5    #######
 Freezing Cloud           Ice/Air        #.......     100%        5    #######
 Irradiate                Conj/Tmut      #.........   100%        5    #######
 Lee's Rapid Deconstruct  Erth           #.........   100%        5    #######
 Metabolic Englaciation   Hex/Ice        #.........   100%        5    #######
 Silence                  Hex/Air        #.........   100%        5    #######
 Steam Barrier            Chrm/Fire      #.........   100%        5    #######
 Summon Demon             Summ           #.........   100%        5    #######
 Summon Forest            Summ/Tloc      #.........   100%        5    #######
 Summon Mana Viper        Hex/Summ       #.......     100%        5    #######
 Aura of Abjuration       Summ           #.........   100%        6    #######
 Bolt of Cold             Conj/Ice       #.........   100%        6    #######
 Bolt of Fire             Conj/Fire      #.........   100%        6    #######
 Borgnjor's Vile Clutch   Necr/Erth      #.........   100%        6    #######
 Conjure Ball Lightning   Conj/Air       #.........   100%        6    #######
 Darkness                 Hex            #.........   100%        6    #######
 Deflect Missiles         Chrm/Air       #.........   100%        6    #######
 Invisibility             Hex            #.......     100%        6    #######
 Ozocubu's Refrigeration  Ice            #.........   100%        6    #######
 Poison Arrow             Conj/Pois      #.........   100%        6    #######
 Simulacrum               Ice/Necr       #.......     100%        6    #######
 Statue Form              Tmut/Erth      #........    100%        6    #######
 Summon Hydra             Summ           #.........   100%        6    #######
 Virulence                Hex/Pois       #.......     100%        6    #######
 Dragon Form              Tmut           #......      100%        7    #######
 Haunt                    Necr/Summ      #.........   100%        7    #######
 Malign Gateway           Summ/Tloc      #.........   100%        7    #######
 Monstrous Menagerie      Summ           #.........   100%        7    #######
 Orb of Destruction       Conj           #.........   100%        7    #######
 Shadow Creatures         Summ           N/A          100%        7    #######
 Spellforged Servitor     Conj/Summ      #.........   100%        7    #######
 Summon Greater Demon     Summ           #.........   100%        7    #######
 Ignition                 Fire           #.........   100%        8    #######
 Necromutation            Tmut/Necr      #.......     100%        8    #######
 Summon Horrible Things   Summ           #.........   100%        8    #######
 Tornado                  Tloc/Air       #.........   100%        8    #######
 Passage of Golubria      Tloc           Unusable     N/A         5    N/A

Dungeon Overview and Level Annotations

Branches:
Dungeon (12/12)            Temple (0/1) D:6            Lair (6/6) D:9
 Shoals (3/3) Lair:4       Spider (3/3) Lair:3        Slime (0/5) Orc
    Orc (1/1) D:9          Vaults (3/3) D:12         Forest (3/3) Lair:5
  Crypt (2/2) Vaults:2       Tomb (0/3) Crypt:2      Depths (5/5) D:12
    Zot (5/5) Depths:5

Altars:
Elyvilon
Gozag
Kikubaaqudgha
Lugonu
Makhleb
Sif Muna
Uskayaw
Yredelemnul
Jiyva

Shops:
D:5 (:   D:11 [   Orc ?([=   Shoals:1 (   Vaults:1 *   Vaults:2 [   Depths:1 [
Depths:5 (

Portals:
Hell: Depths:1 Depths:2 Depths:3 Depths:4 Depths:5
Abyss: Depths:4
Pandemonium: Depths:1 Depths:3 Depths:4
Ziggurat: Depths:5

Annotations:
D:2 1 runed door
D:4 2 transporters, gergalisaous's ghost, novice FoFi
Lair:4 3 runed translucent doors, HunfridMar's ghost, journeyman VSCj; Jefouw's ghost, journeyman MiFi; Syucvump's ghost, journeyman EnBe; Vufrucs's ghost, journeyman DrTm; Wamaama Herph's ghost, journeyman DgWn
Zot:2 exclusion: downstairs
Zot:5 2 runed translucent doors, Merkolit's ghost, legendary GnWz


Innate Abilities, Weirdness & Mutations

You can walk through water.
Your dull iron-grey scales are very hard. (AC +18)
You cannot fit into any form of body armour.
You can survive without breathing.
You are cold-blooded and may be slowed by cold attacks.
Your body sometimes deteriorates upon taking damage.
You are dopey. (Int -2)


Message History

(N) Spider Nest (M) Slime Pits (O) Orcish Mines (V) Vaults (F) Spriggan Forest (C) Crypt (W) Tomb (U) Depths (H) Hell (Z) Zot
Where to? (Enter - D:1 @ (x,y), ? - help)
There is a stone staircase leading up here.
You climb upwards.
There is a stone staircase leading down here.
There is an open door here.
There is a stone staircase leading up here.
You climb upwards.
Level annotation: 1 runed door
There is a stone staircase leading down here.
There is a stone staircase leading up here.
You climb upwards.
There is a stone staircase leading down here.
There is an open door here.
There is an open door here.
There is a staircase leading out of the dungeon here.
The power of the Orb breaks the dimensional shunt like a soap bubble!
You have escaped!

...#.........##..#.....# #.#
#...##...#.....##.##...# #.#
##....(.#.#.....#..#...# #.#
###............##......# #.#
#.......#.#......#..#..# #.#
....###......#......#..# #.#
................#..###.# #.#
....###...##........#..### ##.##
#.......###.#...@....#...###...##
....###..#.##........#.#.....(...
.#....#..#.#..##....#..#.###...##
........##.#...#....#.##.# ##.##
........#.##.......##..#.# #.#
..#.........##.....##..#.# #.#
...........##.#..#..#..#.# ##'##
....#.#....#.##........#.###...##
.....#......##.........#.##.....#


There were no monsters in sight!

Vanquished Creatures
  3 juggernauts
  Khufu (Crypt:2)
  7 orbs of fire
  5 ancient liches
  the Enchantress (Forest:3)
  2 greater mummies
  Sojobo (Depths:3)
  8 Killer Klowns
  Margery (Depths:3)
  7 golden dragons
  4 caustic shrikes
  2 curse toes
  Jory (Crypt:2)
  2 rockslimes
  4 electric golems
  Zenata (Depths:1)
  2 bone dragons
  2 Orb Demons
  2 Ice Fiends
  6 liches
  22 tentacled monstrosities
  2 wendigos
  27 Orb Guardians
  6 quicksilver dragons
  7 sphinxes
  5 death cobs
  4 ancient champions (Crypt:2)
  8 shadow dragons
  3 thorn hunters
  17 storm dragons
  2 ghouls (Crypt:1)
  9 tengu reavers
  Ilsuiw (Shoals:3)
  3 apis
  3 revenants
  5 draconian monks
  3 war gargoyles
  9 vault wardens
  5 fire giants
  11 frost giants
  8 ghost moths
  5 draconian knights
  2 greenwood witches
  3 iron dragons
  2 deep elf sorcerers
  3 emperor scorpions
  The ghost of Burana the Nimble, an adept VSAc of Jiyva (Spider:2)
  7 draconian shifters
  2 draconian annihilators
  15 stone giants
  2 curse skulls
  32 very ugly things
  5 draconian stormcallers
  7 jiangshi
  A reaper (Crypt:2)
  12 spriggan defenders
  8 draconian scorchers
  2 eyes of devastation
  7 ironheart preservers
  5 elemental wellsprings
  9 vampire knights
  7 yellow draconians
  6 dire elephants
  15 white draconians
  A lorocyproca (Depths:3)
  13 red draconians
  10 green draconians
  5 spark wasps
  2 entropy weavers
  A deep elf annihilator (Depths:4)
  A minotaur (Gauntlet)
  2 deep elf death magi
  9 purple draconians
  12 black draconians
  3 merfolk javelineers
  A green death (D:7)
  2 eidola
  8 merfolk impalers
  A quicksilver dragon zombie (Crypt:2)
  16 ettins
  12 fire dragons
  2 mummy priests (WizLab)
  2 deep elf high priests (Vaults:3)
  Urug (Lair:1)
  A crystal guardian (Vaults:3)
  11 yaktaur captains
  7 rakshasas
  8 hydras
  37 vault guards
  13 ice dragons
  A quicksilver dragon skeleton (Depths:2)
  7 anacondas
  Psyche (D:10)
  A catoblepas (Lair:6)
  A monstrous demonspawn (Depths:1)
  3 death knights
  3 shambling mangroves
  2 ghost crabs
  7 ogre magi
  3 merfolk avatars
  15 spriggan air magi
  7 great orbs of eyes
  An alligator snapping turtle (Shoals:3)
  29 death yaks
  An alligator (Lair:5)
  A shadow wraith (Crypt:1)
  7 dancing weapons
  4 merfolk aquamancers (Shoals:3)
  21 two-headed ogres
  2 tengu warriors
  10 vampire magi
  4 deep troll shamans
  13 satyrs
  A queen ant (Lair:5)
  A titan zombie (Depths:2)
  6 deep troll earth magi
  7 sea snakes
  A hell hog (Depths:2)
  An ironheart beastmaster (Vaults:2)
  A sea snake (shapeshifter) (Depths:4)
  An orc high priest (Orc)
  24 spriggan berserkers
  2 deep elf knights
  15 centaur warriors
  10 deep trolls
  9 hell knights
  An iron troll (Depths:4)
  A spark wasp zombie (Depths:2)
  An unseen horror (D:10)
  9 skeletal warriors
  8 spriggan druids
  A golden dragon zombie (Depths:2)
  7 wizards
  8 glowing orange brains
  2 tengu zombies
  2 golden dragon skeletons
  3 flayed ghosts
  2 shadow dragon zombies
  An obsidian statue (Zot:4)
  2 infernal demonspawn
  4 orc knights (Orc)
  4 cyclopes
  9 phantasmal warriors
  2 deep elf archers
  3 harpies (Shoals:2)
  11 ironheart convokers
  A lindwurm (Lair:6)
  19 necromancers
  33 wolf spiders
  16 deep elf magi
  15 orb spiders
  2 iron dragon zombies (Depths:2)
  4 frost giant zombies
  A fire giant zombie (WizLab)
  9 manticores
  2 stone giant zombies
  8 oklob plants
  36 ugly things
  28 moths of wrath
  11 elephants
  2 demonspawn zombies
  20 fauns
  11 vault sentinels
  2 naga magi (D:12)
  2 moths of wrath (shapeshifter)
  4 black mambas
  An ice statue (IceCv)
  5 merfolk sirens
  3 iron dragon skeletons
  10 will-o'-wisps (Forest:3)
  A torpor snail (Lair:6)
  13 water nymphs
  3 orange demons
  A guardian serpent (shapeshifter) (Depths:1)
  A cane toad (shapeshifter) (Depths:1)
  10 cane toads
  41 jumping spiders
  14 demonic crawlers
  A yaktaur (shapeshifter) (Depths:3)
  A human zombie (WizLab)
  A komodo dragon (shapeshifter) (Depths:1)
  7 flying skulls (Crypt:2)
  A tengu conjurer (D:12)
  4 freezing wraiths
  8 komodo dragons
  21 yaktaurs
  3 dryads
  An eye of draining (shapeshifter) (D:10)
  9 ice devils
  5 guardian mummies
  3 anaconda simulacra (IceCv)
  3 red devils
  4 trolls
  2 polar bears
  3 meliai (Spider:3)
  46 hornets
  A harpy zombie (Crypt:1)
  A queen bee (Spider:3)
  7 wind drakes
  2 golden dragon simulacra
  2 wolf spider simulacra (D:12)
  17 merfolk
  Grinder (D:3)
  A hydra zombie (Crypt:1)
  2 bog bodies (Crypt:1)
  A raiju (shapeshifter) (Vaults:2)
  8 blink frogs
  16 slime creatures
  3 dream sheep (Shoals:2)
  14 hippogriffs
  10 snapping turtles (Shoals:3)
  3 meliai zombies
  An ettin skeleton (Crypt:2)
  A fire dragon zombie (WizLab)
  A stone giant simulacrum (Depths:2)
  Sigmund (D:2)
  36 spriggans
  A goliath frog skeleton (Crypt:1)
  A dire elephant simulacrum (IceCv)
  50 water elementals
  2 wyverns
  A shadow (D:12)
  3 hogs (D:7)
  26 tarantellas
  4 basilisks
  5 wraiths
  42 yaks
  A wind drake zombie (Crypt:1)
  2 black mamba skeletons
  A fire elemental (Depths:5)
  An elf zombie (WizLab)
  3 hungry ghosts
  A hog (shapeshifter) (Vaults:1)
  A human (D:7)
  46 redbacks
  A neqoxec (Depths:3)
  2 wargs (Orc)
  2 merfolk zombies (Crypt:1)
  An infernal demonspawn zombie (WizLab)
  A swamp worm (shapeshifter) (Vaults:1)
  5 harpy simulacra (IceCv)
  Edmund (D:6)
  2 iron troll simulacra (IceCv)
  10 water moccasins
  12 crocodiles
  6 hydra simulacra (IceCv)
  7 hell hounds (Depths:2)
  9 porcupines
  A soldier ant (shapeshifter) (Vaults:1)
  5 soldier ants (Lair:5)
  5 black bears
  A snapping turtle zombie (Crypt:1)
  A hornet zombie (D:11)
  5 ice beasts
  3 sky beasts
  A swamp dragon zombie (Crypt:1)
  33 orc warriors
  A manticore zombie (Crypt:1)
  11 wolves
  2 ettin simulacra
  30 ogres
  2 phantoms
  A snapping turtle skeleton (Crypt:2)
  A necrophage (Crypt:1)
  10 boggarts
  2 wolves (shapeshifter)
  A yaktaur zombie (WizLab)
  6 bullfrogs
  2 kobold brigands
  A draconian zombie (Crypt:2)
  A gnoll sergeant (D:10)
  A hornet simulacrum (D:12)
  26 centaurs
  7 scorpions
  A wyvern skeleton (D:8)
  A cyclops skeleton (Crypt:2)
  4 spriggan zombies
  23 killer bees
  An elephant simulacrum (IceCv)
  A raiju zombie (WizLab)
  A shapeshifter zombie (Crypt:2)
  A swamp dragon simulacrum (IceCv)
  4 wights (D:10)
  5 howler monkeys
  10 orc priests
  8 crimson imps
  A quasit (D:6)
  2 draconian simulacra (IceCv)
  A jelly (D:6)
  3 bullfrog skeletons
  9 hounds
  Jessica (D:3)
  Natasha (thrice) (D:3)
  5 iguanas
  11 orc wizards
  A polar bear simulacrum (IceCv)
  3 spriggan simulacra (IceCv)
  A hell rat (D:6)
  31 worker ants
  4 lightning spires (Zot:4)
  2 troll simulacra (IceCv)
  A wolf simulacrum (IceCv)
  A dwarf zombie (Crypt:1)
  A hound zombie (D:5)
  9 mummies
  A worker ant zombie (D:9)
  Robin (D:2)
  5 gnolls (D:10)
  19 adders
  2 naga simulacra (IceCv)
  6 river rats (D:6)
  A swamp drake zombie (Crypt:1)
  2 ogre simulacra (IceCv)
  5 shadow imps
  8 white imps
  7 ufetubi (IceCv)
  A centaur simulacrum (IceCv)
  An adder zombie (D:7)
  An ooze (D:2)
  3 adder skeletons
  4 worms
  A dart slug (D:2)
  7 leopard geckos
  79 orcs
  A giant cockroach (D:3)
  13 goblins
  8 hobgoblins
  6 jackals
  7 kobolds
  6 quokkas
  A ball python (D:3)
  8 bats
  A dart slug zombie (Crypt:2)
  4 frilled lizards
  A frilled lizard zombie (Crypt:2)
  22 rats
  A rat skeleton (Crypt:2)
  A plant (Forest:3)
2240 creatures vanquished.

Vanquished Creatures (collateral kills)
  2 draconian knights
  A draconian shifter (Zot:1)
  An emperor scorpion (Spider:1)
  2 draconian scorchers
  A draconian annihilator (Zot:2)
  2 green draconians
  A black draconian (Zot:3)
  2 purple draconians
  A red draconian (Zot:3)
  A sea snake (Shoals:3)
  A moth of wrath (Zot:3)
  A jumping spider (Spider:1)
  A snapping turtle (Shoals:3)
17 creatures vanquished.

Vanquished Creatures (others)
  2 draconian monks
  2 draconian knights (Zot:3)
  A draconian stormcaller (Zot:2)
  A draconian scorcher (Zot:2)
  4 stone giants
  A draconian annihilator (Zot:1)
  2 green draconians
  2 yellow draconians
  3 merfolk javelineers
  4 yaktaur captains
  5 satyrs
  A dancing weapon (Vaults:3)
  2 centaur warriors (Vaults:1)
  A cyclops (Vaults:1)
  A faun (Shoals:2)
  A manticore (Shoals:2)
  2 moths of wrath
  A vault sentinel (Vaults:1)
  A demonic crawler (Spider:2)
  15 yaktaurs
  A hornet (Forest:1)
  A briar patch (Forest:2)
  2 bushes (Depths:3)
  3 fungi
  84 plants
  A withered plant (D:11)
144 creatures vanquished.

Grand Total: 2401 creatures vanquished

Notes
Turn   | Place    | Note
-------+----------+-------------------------------------------
     0 | D:1      | Grijm the Draconian Martial Artist began the quest for the
                  | Orb.
     0 | D:1      | Reached XP level 1. HP: 19/19 MP: 2/2
   187 | D:1      | Reached XP level 2. HP: 24/26 MP: 3/3
  1002 | D:2      | Noticed Sigmund
  1097 | D:2      | Reached XP level 3. HP: 33/33 MP: 4/4
  1129 | D:2      | Found a runed door.
  1214 | D:2      | Reached ** piety under Wu Jian
  1495 | D:3      | Reached XP level 4. HP: 35/40 MP: 5/5
  1588 | D:3      | Noticed Natasha
  1594 | D:3      | Killed Natasha
  1595 | D:3      | Reached skill level 5 in Unarmed Combat
  1805 | D:3      | Noticed Jessica
  1812 | D:3      | Noticed Grinder
  1814 | D:3      | Killed Jessica
  1834 | D:3      | Killed Grinder
  1835 | D:3      | Reached skill level 5 in Fighting
  1835 | D:3      | Reached skill level 6 in Unarmed Combat
  1835 | D:3      | Reached XP level 5. HP: 31/50 MP: 6/6
  1835 | D:3      | Reached XP level 6. HP: 36/57 MP: 7/7
  2323 | D:3      | Noticed Natasha
  2331 | D:3      | Killed Natasha
  2624 | D:3      | Noticed Natasha
  2629 | D:3      | Killed Natasha
  3423 | D:4      | Found a transporter.
  3463 | D:4      | Noticed gergalisaous's ghost (novice FoFi)
  3467 | D:4      | Found a transporter.
  3485 | D:4      | Reached skill level 7 in Unarmed Combat
  3485 | D:4      | Your scales start taking on a dull iron-grey colour.
  3485 | D:4      | Reached XP level 7. HP: 47/63 MP: 8/8
  3485 | D:4      | Gained mutation: You can survive without breathing. [Grey
                  | Draconian growth]
  3678 | D:4      | Reached skill level 1 in Evocations
  3762 | D:4      | Reached *** piety under Wu Jian
  3922 | D:5      | Entered Level 5 of the Dungeon
  4031 | D:5      | Found Eneupsia's Weapon Shop.
  4116 | D:5      | Found Metatre's Book Boutique.
  4133 | D:5      | Found a hide-covered altar of Uskayaw.
  4133 | D:5      | Found an opulent altar of Gozag.
  4269 | D:5      | Reached skill level 8 in Unarmed Combat
  4314 | D:5      | Reached XP level 8. HP: 70/70 MP: 10/10
  4528 | D:5      | Found a white marble altar of Elyvilon.
  4924 | D:2      | Noticed Robin
  4932 | D:2      | Killed Robin
  5505 | D:2      | Killed Sigmund
  5714 | D:2      | Reached **** piety under Wu Jian
  5831 | D:6      | Reached skill level 9 in Unarmed Combat
  5831 | D:6      | Reached skill level 5 in Evocations
  5982 | D:6      | Noticed Edmund
  5995 | D:6      | Killed Edmund
  6071 | D:6      | Reached XP level 9. HP: 75/78 MP: 12/12
  6102 | D:6      | Found a staircase to the Ecumenical Temple.
  6303 | D:6      | Reached skill level 10 in Unarmed Combat
  6393 | D:6      | Found the +2 ratskin cloak {+Rats rN+}
  6560 | D:6      | Reached ***** piety under Wu Jian
  6773 | D:6      | Reached skill level 1 in Throwing
  6773 | D:6      | Reached skill level 5 in Dodging
  7680 | D:8      | Reached XP level 10. HP: 89/89 MP: 13/13
  7816 | D:8      | Noticed a two-headed ogre
  7832 | D:8      | Killed a two-headed ogre
  8323 | D:8      | Reached skill level 11 in Unarmed Combat
  9008 | D:9      | Found a staircase to the Orcish Mines.
  9030 | D:9      | Noticed a two-headed ogre
  9033 | D:9      | Killed a two-headed ogre
  9046 | D:9      | Reached XP level 11. HP: 90/99 MP: 14/14
  9071 | D:9      | Reached skill level 10 in Fighting
  9240 | D:9      | Noticed a cyclops
  9255 | D:9      | Killed a cyclops
  9267 | D:9      | Noticed a deep elf mage
  9279 | D:9      | Reached skill level 12 in Unarmed Combat
  9279 | D:9      | Killed a deep elf mage
  9427 | D:9      | Found a staircase to the Lair.
  9782 | Lair:1   | Entered Level 1 of the Lair of Beasts
 10200 | Lair:1   | Noticed Urug
 10214 | Lair:1   | Killed Urug
 10766 | Lair:2   | Reached skill level 13 in Unarmed Combat
 10876 | Lair:2   | Reached XP level 12. HP: 106/106 MP: 15/15
 11326 | Lair:2   | Reached skill level 10 in Dodging
 12206 | Lair:3   | Reached skill level 14 in Unarmed Combat
 12507 | Lair:3   | Found a hole to the Spider Nest.
 12911 | Lair:4   | Found a staircase to the Shoals.
 12917 | Lair:4   | Reached ****** piety under Wu Jian
 13075 | Lair:4   | Reached skill level 15 in Unarmed Combat
 13342 | Lair:4   | Noticed a fire dragon
 13360 | Lair:4   | Killed a fire dragon
 13502 | Lair:4   | Noticed a death yak
 13502 | Lair:4   | Noticed a death yak
 13503 | Lair:4   | Noticed a death yak
 13503 | Lair:4   | Noticed a death yak
 13536 | Lair:4   | Killed a death yak
 13538 | Lair:4   | Killed a death yak
 13549 | Lair:4   | Killed a death yak
 13556 | Lair:4   | Killed a death yak
 13620 | Lair:4   | Found a runed translucent gate.
 13620 | Lair:4   | Found a runed translucent gate.
 13620 | Lair:4   | Found a runed translucent gate.
 13621 | Lair:4   | Noticed HunfridMar's ghost (journeyman VSCj)
 13622 | Lair:4   | Noticed Wamaama Herph's ghost (journeyman DgWn)
 13622 | Lair:4   | Noticed Jefouw's ghost (journeyman MiFi)
 13622 | Lair:4   | Noticed Syucvump's ghost (journeyman EnBe)
 13622 | Lair:4   | Noticed Vufrucs's ghost (journeyman DrTm)
 13662 | Lair:4   | Noticed a five-headed hydra
 13668 | Lair:4   | Killed a five-headed hydra
 13668 | Lair:4   | Noticed a seven-headed hydra
 13669 | Lair:4   | Reached XP level 13. HP: 113/113 MP: 16/16
 13678 | Lair:4   | Reached skill level 16 in Unarmed Combat
 14579 | Lair:5   | Reached skill level 17 in Unarmed Combat
 14645 | Lair:5   | Found a staircase to the Spriggan Forest.
 15434 | Lair:6   | Entered Level 6 of the Lair of Beasts
 15731 | Lair:6   | Reached skill level 18 in Unarmed Combat
 16043 | Lair:6   | Reached XP level 14. HP: 57/121 MP: 17/17
 16592 | Lair:6   | Reached skill level 19 in Unarmed Combat
 17208 | D:10     | Entered Level 10 of the Dungeon
 17212 | D:10     | Noticed Psyche
 17217 | D:10     | Killed Psyche
 17503 | D:10     | Identified a scroll of acquirement
 17934 | D:10     | Found a roughly hewn altar of Beogh.
 17942 | D:10     | Reached skill level 1 in Shields
 19177 | D:11     | Found Kotaluel's Antique Armour Boutique.
 19256 | D:11     | Found a basalt altar of Yredelemnul.
 19416 | D:11     | Reached skill level 5 in Shields
 19416 | D:11     | Reached skill level 20 in Unarmed Combat
 19648 | D:12     | Entered Level 12 of the Dungeon
 19930 | D:12     | Identified the amulet "Ixuggubb" {Rage Fragile rPois rF-
                  | SInv} (You acquired it on level 12 of the Dungeon)
 20020 | D:12     | Reached XP level 15. HP: 126/126 MP: 18/18
 20194 | D:12     | Found a gate to the Vaults.
 20773 | D:12     | Found a staircase to the Depths.
 21135 | Orc      | Entered the Orcish Mines
 21447 | Orc      | Found a gate leading to a gauntlet.
 21488 | Gauntlet | Entered a Gauntlet
 21488 | Gauntlet | Found a transporter.
 21488 | Gauntlet | Found a transporter.
 21504 | Gauntlet | Found a transporter.
 21510 | Gauntlet | Found a transporter.
 21520 | Gauntlet | Found a transporter.
 21559 | Gauntlet | Found a transporter.
 21559 | Gauntlet | Found a transporter.
 21586 | Gauntlet | Found a transporter.
 21609 | Gauntlet | Found a transporter.
 21627 | Gauntlet | Found a transporter.
 21801 | Gauntlet | Got a scorched hat
 21812 | Gauntlet | Identified the Handbook of Shifting Black Rites
 21862 | Gauntlet | Identified the +2 hat of the Albatross {Int+4} (You found
                  | it in a Gauntlet)
 21887 | Gauntlet | Got a pair of distressingly furry gloves
 21898 | Gauntlet | Identified the +1 pair of gloves of Kiutt {rPois Slay+2}
                  | (You found it in a Gauntlet)
 21953 | Orc      | Found a burning altar of Makhleb.
 22076 | Orc      | Found a staircase to the Slime Pits.
 22077 | Orc      | Found a viscous altar of Jiyva.
 22318 | Orc      | Found Faer's Antique Weapon Emporium.
 22318 | Orc      | Found Tiythrafa's Armour Shop.
 22320 | Orc      | Found Ehoczeh's Jewellery Boutique.
 22322 | Orc      | Found Zugaseips's Magic Scroll Shoppe.
 22420 | Orc      | Bought a scroll of acquirement for 728 gold pieces
 22421 | Orc      | Identified the ring of Juipauppu {rPois Dex+2 SInv Stlth+}
                  | (You acquired it in the Orcish Mines)
 22427 | Orc      | Bought a cursed +5 amulet of reflection for 534 gold pieces
 22436 | Orc      | Bought a scroll of identify for 28 gold pieces
 22437 | Orc      | Bought a scroll of identify for 28 gold pieces
 22437 | Orc      | Bought a scroll of identify for 28 gold pieces
 22439 | Orc      | Bought a scroll of immolation for 49 gold pieces
 22439 | Orc      | Bought a scroll of fog for 28 gold pieces
 22439 | Orc      | Bought a scroll of noise for 14 gold pieces
 22439 | Orc      | Bought a scroll of revelation for 56 gold pieces
 22439 | Orc      | Bought a scroll of fear for 70 gold pieces
 22565 | Spider:1 | Entered Level 1 of the Spider Nest
 22589 | Spider:1 | Reached skill level 5 in Throwing
 22591 | Spider:1 | Reached skill level 10 in Evocations
 23973 | Spider:2 | Reached XP level 16. HP: 134/134 MP: 23/23
 24524 | Spider:2 | Found a large runed translucent door.
 24524 | Spider:2 | Found a large runed translucent door.
 24526 | Spider:2 | Noticed Burana's ghost (adept VSAc)
 24927 | Spider:2 | Killed Burana's ghost
 24928 | Spider:2 | Reached skill level 10 in Throwing
 24977 | Spider:3 | Entered Level 3 of the Spider Nest
 25929 | Spider:3 | Reached XP level 17. HP: 57/140 MP: 24/24
 26440 | Spider:3 | Got a gossamer rune of Zot
 26651 | Shoals:1 | Entered Level 1 of the Shoals
 27120 | Shoals:1 | Found Heorab's Weapon Shoppe.
 27150 | Shoals:1 | Bought a throwing net for 51 gold pieces
 28032 | Shoals:2 | Found a frozen archway.
 28056 | IceCv    | Entered an ice cave
 29147 | IceCv    | Noticed an Ice Fiend
 29357 | IceCv    | Killed an Ice Fiend
 29485 | IceCv    | Identified the +5 morningstar of Keomuh {freeze, +Blink
                  | rPois rC- Int+4}
 29911 | Shoals:2 | Reached skill level 15 in Throwing
 30379 | Shoals:3 | Entered Level 3 of the Shoals
 30397 | Shoals:3 | Noticed Ilsuiw
 30425 | Shoals:3 | Killed Ilsuiw
 30571 | Shoals:3 | Identified the cursed ring of Fofes {rF+ AC-4}
 30773 | Shoals:3 | Identified Nuxzuc's Foundations of Magic
 31427 | Shoals:3 | Identified the +7 chain mail of Caudups {Stlth+}
 31706 | Shoals:3 | Reached XP level 18. HP: 102/149 MP: 25/25
 31842 | Shoals:3 | Got a barnacled rune of Zot
 32137 | Vaults:1 | Entered Level 1 of the Vaults
 32641 | Vaults:1 | Found Juntyd's Assorted Antiques.
 32647 | Vaults:1 | Bought a scroll labeled SYSUHU DO ANEN for 49 gold pieces
 34266 | Vaults:2 | Found Taefo's Antique Armour Emporium.
 34274 | Vaults:2 | Bought the +0 pair of hand wraps "Fists of Thunder" {elec,
                  | rElec Slay+2} for 1330 gold pieces
 34274 | Vaults:2 | Found the +0 pair of hand wraps "Fists of Thunder" {elec,
                  | rElec Slay+2}
 34530 | Vaults:2 | Reached XP level 19. HP: 166/166 MP: 26/26
 34555 | Vaults:2 | Reached skill level 15 in Dodging
 35159 | Vaults:2 | Found a staircase to the Crypt.
 35159 | Vaults:2 | Found an ancient bone altar of Kikubaaqudgha.
 35159 | Vaults:2 | Found a basalt altar of Yredelemnul.
 36200 | Forest:1 | Entered Level 1 of the Spriggan Forest
 36317 | Forest:1 | Reached skill level 15 in Fighting
 39442 | Forest:3 | Entered Level 3 of the Spriggan Forest
 39542 | Forest:3 | Reached XP level 20. HP: 178/178 MP: 30/30
 39832 | Forest:3 | Identified the +9 plate armour of Alesamo {rF+ MR+ Int+2}
 39920 | Forest:3 | Reached skill level 15 in Evocations
 40667 | Forest:3 | Reached skill level 21 in Unarmed Combat
 40682 | Forest:3 | Identified the +1 faerie dragon scales {rCorr Str+3 Stlth+}
 40682 | Forest:3 | Noticed the Enchantress
 40684 | Forest:3 | Identified the +8 plate armour of the Raven {MR- Regen+
                  | Str+2 SInv}
 40685 | Forest:3 | Killed the Enchantress
 44128 | Crypt:1  | Entered Level 1 of the Crypt
 44415 | Crypt:1  | Reached skill level 22 in Unarmed Combat
 44846 | Crypt:1  | Reached XP level 21. HP: 184/184 MP: 32/32
 45140 | Crypt:1  | Found an ancient bone altar of Kikubaaqudgha.
 45349 | Crypt:1  | Found the +4 skin of Zhor {+Rage rC+++ Slay+4}
 45349 | Crypt:1  | Found a basalt altar of Yredelemnul.
 45425 | Crypt:2  | Entered Level 2 of the Crypt
 45492 | Crypt:2  | Found a magical portal.
 45501 | WizLab   | Entered Doroklohe's Tomb
 45734 | WizLab   | Noticed an ancient lich
 45747 | WizLab   | Killed an ancient lich
 45949 | WizLab   | Found the +18 shield of the Gong {rElec rN+ MR+ EV-5}
 46138 | Crypt:2  | Identified the +8 glaive "Grim" {flame, rF- rC+ Str+7}
 46160 | Crypt:2  | Found a staircase to the Tomb.
 46214 | Crypt:2  | Noticed a greater mummy
 46228 | Crypt:2  | Killed a greater mummy
 46229 | Crypt:2  | Reached skill level 23 in Unarmed Combat
 46233 | Crypt:2  | Noticed Khufu
 46521 | Crypt:2  | Killed Khufu
 46671 | Crypt:2  | Noticed a curse toe
 46953 | Crypt:2  | Identified the amulet "Vaefan" {Regen rElec rF- MP+9 Dex+2}
 47009 | Crypt:2  | Noticed an ancient lich
 47009 | Crypt:2  | Noticed an ancient lich
 47024 | Crypt:2  | Killed a curse toe
 47035 | Crypt:2  | Noticed Jory
 47045 | Crypt:2  | Killed Jory
 47232 | Crypt:2  | Noticed an ancient lich
 47249 | Crypt:2  | Killed an ancient lich
 47249 | Crypt:2  | Reached skill level 24 in Unarmed Combat
 47556 | Crypt:2  | Killed an ancient lich
 47667 | Crypt:2  | Killed an ancient lich
 47668 | Crypt:2  | Reached XP level 22. HP: 192/192 MP: 33/33
 47677 | Crypt:2  | Identified the ring of Absolutism {rN+ Str+2}
 47677 | Crypt:2  | Identified the ring "Icsu" {rPois rN+ Int+2}
 47695 | Crypt:2  | Identified the +5 steam dragon scales of Servitude {Str+4
                  | Int-2 Dex+2}
 48060 | Depths:1 | Entered Level 1 of the Depths
 48124 | Depths:1 | Reached skill level 25 in Unarmed Combat
 48484 | Depths:1 | Found a gateway to Hell.
 48488 | Depths:1 | Identified the +3 robe of Vehumet's Delight {+Blink rElec
                  | MR- rCorr}
 48505 | Depths:1 | Found Gedghufea's Armour Emporium.
 48548 | Depths:1 | Identified the amulet "Kuejaus" {Inacc rN+}
 48773 | Depths:1 | Found a one-way gate leading to the halls of Pandemonium.
 48953 | Depths:1 | Noticed Zenata
 48969 | Depths:1 | Killed Zenata
 49106 | Depths:1 | Noticed a juggernaut
 49127 | Depths:1 | Killed a juggernaut
 50116 | Depths:2 | Noticed a greater mummy
 50128 | Depths:2 | Killed a greater mummy
 50128 | Depths:2 | Reached XP level 23. HP: 63/210 MP: 34/34
 50788 | Depths:3 | Noticed Sojobo
 51019 | Depths:3 | Killed Sojobo
 51603 | Depths:3 | Noticed Margery
 51926 | Depths:3 | Killed Margery
 51929 | Depths:3 | Identified the +7 flail of the Forgotten Hells {freeze, rC+
                  | rN+ Int-4}
 52553 | Depths:3 | Noticed a caustic shrike
 52567 | Depths:3 | Killed a caustic shrike
 53050 | Depths:4 | Noticed a Killer Klown
 53050 | Depths:4 | Noticed a juggernaut
 53072 | Depths:3 | Killed a juggernaut
 53139 | Depths:4 | Noticed a caustic shrike
 53143 | Depths:4 | Noticed a caustic shrike
 53148 | Depths:3 | Killed a caustic shrike
 53220 | Depths:3 | Killed a caustic shrike
 53267 | Depths:4 | Noticed a caustic shrike
 53285 | Depths:4 | Killed a caustic shrike
 53840 | Depths:4 | Found a corrupted altar of Lugonu.
 53840 | Depths:4 | Found a one-way gate to the infinite horrors of the Abyss.
 53913 | Depths:4 | Found a shimmering blue altar of Sif Muna.
 53917 | Depths:4 | Found a transporter.
 53924 | Depths:4 | Identified the +2 robe of Oguusag {+Fly rN++ rCorr Int-2
                  | Dex-4}
 53978 | Depths:4 | Found a runed door.
 53979 | Depths:4 | Noticed a juggernaut
 54010 | Depths:4 | Killed a juggernaut
 54011 | Depths:4 | Reached skill level 26 in Unarmed Combat
 54011 | Depths:4 | Reached XP level 24. HP: 146/224 MP: 34/34
 54316 | Depths:4 | Found a transporter.
 54342 | Depths:5 | Entered Level 5 of the Depths
 54610 | Depths:5 | Found a gate to the Realm of Zot.
 55240 | Depths:5 | Found Unetri's Weapon Emporium.
 55268 | Depths:5 | Found a gateway to a ziggurat.
 55503 | Depths:5 | Reached skill level 27 in Unarmed Combat
 55798 | Vaults:3 | Entered Level 3 of the Vaults
 55848 | Vaults:3 | Reached skill level 10 in Shields
 56229 | Vaults:3 | Reached XP level 25. HP: 205/231 MP: 34/34
 56871 | Vaults:3 | Identified the +4 scimitar "Trog's Righteous Fury" {speed,
                  | rC+ rN+ Dex-4}
 56957 | Vaults:3 | Found the +8 glaive of the Guard {elec, +Rage AC+5 SInv}
 56985 | Vaults:3 | Identified the cursed +1 broad axe "Getasanio" {chop, +Rage
                  | rF+ Str+4 Int-4 Dex+2}
 56998 | Vaults:3 | Identified the cursed +0 leather armour "Neshru" {*Corrode
                  | rF+ rN+ Slay+3}
 57077 | Vaults:3 | Found the cursed +6 arbalest "Damnation" {hellfire, *Curse}
 57084 | Vaults:3 | Identified the Reference Book on Mutagenic Stolen Souls
 57090 | Vaults:3 | Identified the +1 ring mail "Kirrawko" {Dex+5 Slay-6 SInv}
 57188 | Vaults:3 | Identified the ring "Uddiloi" {+Fly Int+3}
 57247 | Vaults:3 | Noticed a golden dragon
 57256 | Vaults:3 | Killed a golden dragon
 57678 | Vaults:3 | Identified the cursed +3 lajatang of Insufficient Pleasure
                  | {vamp, *Noise rC+ SInv}
 58115 | Vaults:3 | Identified the +9 mace of Sulphur {freeze, rF+ rN+ Int+4
                  | Dex-5}
 58121 | Vaults:3 | Got a silver rune of Zot
 58122 | Vaults:3 | Identified the +1 plate armour "Ipeh" {*Slow rElec rN+}
 58467 | Zot:1    | Entered Level 1 of the Realm of Zot
 59150 | Zot:1    | Noticed a golden dragon
 59162 | Zot:1    | Killed a golden dragon
 60267 | Zot:2    | Reached XP level 26. HP: 182/239 MP: 34/34
 60759 | Zot:2    | Noticed a golden dragon
 61666 | Zot:2    | Killed a golden dragon
 61767 | Zot:3    | Noticed an orb of fire
 61769 | Zot:3    | Gained mutation: You are dopey. (Int -2) [an orb of fire]
 61915 | Zot:3    | Noticed an orb of fire
 61918 | Zot:2    | Killed an orb of fire
 62079 | Zot:3    | Noticed a Killer Klown
 62082 | Zot:3    | Killed a Killer Klown
 62460 | Zot:3    | Gained mutation: Your body sometimes deteriorates upon
                  | taking damage. [an orb of fire]
 62466 | Zot:3    | Killed an orb of fire
 63864 | Zot:4    | Reached skill level 15 in Shields
 63891 | Zot:4    | Reached XP level 27. HP: 208/246 MP: 34/34
 63909 | Zot:4    | Noticed an orb of fire
 63916 | Zot:4    | Killed an orb of fire
 65233 | Zot:5    | Entered Level 5 of the Realm of Zot
 65263 | Zot:5    | Found a large runed translucent door.
 65264 | Zot:5    | Found a large runed translucent door.
 65340 | Zot:5    | Noticed an ancient lich
 65353 | Zot:5    | Killed an ancient lich
 65362 | Zot:5    | Noticed an orb of fire
 65364 | Zot:5    | Killed an orb of fire
 65600 | Zot:5    | Noticed Merkolit's ghost (legendary GnWz)
 66079 | Zot:5    | Noticed an orb of fire
 66096 | Zot:5    | Killed an orb of fire
 66703 | Zot:5    | Noticed an orb of fire
 66711 | Zot:5    | Killed an orb of fire
 66890 | Zot:5    | Noticed an orb of fire
 66893 | Zot:5    | Killed an orb of fire
 68485 | Zot:5    | Got the Orb of Zot
 68487 | Zot:5    | Noticed Alo Xoopiss the pandemonium lord
 68792 | D:10     | Noticed Cuedor the pandemonium lord
 68972 | D:$      | Escaped with the Orb!

Skill      XL: |  1  2  3  4  5  6  7  8  9 10 11 12 13 14 15 16 17 18 19 20 21 22 23 24 25 26 27 |
---------------+----------------------------------------------------------------------------------+-----
Dodging        | 3 5 7 9 10 14 15 16 18 20 | 20.0
Fighting       | 4 5 6 8 9 10 13 15 18 20 | 20.0
Unarmed Combat | 6 7 8 9 10 11 13 15 18 20 22 24 25 26 27 | 27.0
Evocations     | 3 5 10 14 15 21 | 21.7
Throwing       | 2 4 7 13 16 18 20 | 20.0
Shields        | 6 8 10 15 16 | 16.0
Stealth        | |  1.0
Spellcasting   | |  1.0
Hexes          | |  0.8

Action                   |  1- 3 |  4- 6 |  7- 9 | 10-12 | 13-15 | 16-18 | 19-21 | 22-24 | 25-27 || total
-------------------------+-------+-------+-------+-------+-------+-------+-------+-------+-------++-------
Melee: Unarmed           |   110 |    98 |   381 |   685 |  1289 |  1326 |   998 |  1090 |   838 ||  6815
       Tailslap          |    14 |    11 |    62 |    89 |   211 |   231 |   172 |   195 |   148 ||  1133
       Punch             |     2 |       |    19 |    38 |    56 |       |       |       |       ||   115
 Fire: Blowgun           |       |       |       |       |     1 |     6 |       |     3 |    36 ||    46
Throw: Tomahawk          |       |       |       |    32 |    90 |   550 |   665 |   342 |    53 ||  1732
       Javelin           |       |       |       |       |       |     5 |     8 |    45 |   696 ||   754
       Throwing net      |       |       |       |       |       |       |     6 |     1 |     5 ||    12
Invok: Heavenly Storm    |       |       |       |     3 |     6 |     7 |     7 |     7 |     4 ||    34
 Abil: Lunge             |     8 |    12 |    39 |    27 |    98 |    83 |    63 |    84 |    72 ||   486
       Whirlwind         |       |     4 |     4 |    95 |   261 |   329 |   196 |   291 |   139 ||  1319
       Serpent's Lash    |       |     3 |     1 |     5 |     5 |    13 |    11 |    18 |    22 ||    78
       Wall Jump         |       |       |       |       |    11 |    13 |     1 |     2 |       ||    27
Evoke: Wand              |       |       |       |    15 |       |     6 |     4 |     2 |    33 ||    60
       Sack of spiders   |       |       |       |       |       |     3 |       |       |       ||     3
       Lamp of fire      |       |       |       |       |       |     2 |     4 |     4 |     1 ||    11
       Phantom mirror    |       |       |       |       |       |       |       |     1 |       ||     1
       Fan of gales      |       |       |       |       |       |       |       |     1 |     1 ||     2
  Use: Scroll            |     1 |     4 |     5 |    13 |    26 |     1 |     9 |     4 |     9 ||    72
       Potion            |       |       |       |       |       |     2 |     3 |     3 |     6 ||    14
 Stab: Sleeping          |     7 |     5 |    13 |     1 |     3 |     6 |     3 |     1 |       ||    39
       Paralysed         |       |       |       |     6 |       |     2 |       |     2 |       ||    10
       Distracted        |       |       |       |     2 |       |     1 |       |     2 |     4 ||     9
       Petrified         |       |       |       |       |     5 |       |       |       |       ||     5
       Held in net/web   |       |       |       |       |       |       |    10 |     1 |     9 ||    20
       Betrayed ally     |       |       |       |       |       |       |       |       |     1 ||     1
  Eat: Chunk             |     4 |     8 |    21 |    28 |    50 |    47 |    25 |    25 |    14 ||   222
       Ration            |       |       |       |     2 |     3 |     8 |    15 |    10 |    16 ||    54
Armor: Skin              |    26 |    13 |    80 |   211 |   266 |   308 |   114 |    89 |    94 ||  1201
Dodge: Dodged            |    74 |    33 |   162 |   416 |   450 |   301 |   160 |   115 |   139 ||  1850
Block: Medium shield     |       |       |       |       |   396 |   952 |   628 |   779 |   499 ||  3254
       Reflection        |       |       |       |       |       |    95 |    47 |    75 |    36 ||   253
